[Event "Championnat de France Alpe d'Huez 2023 "]
[Site "ALPE D'HUEZ, France"]
[Date "2023.08.19"]
[Round "1.5"]
[White "LISSILOUR, Baptiste"]
[Black "BIGONNET, Jean-Michel"]
[Result "0-1"]
[ECO "C79"]
[WhiteElo "2198"]
[BlackElo "2034"]
[PlyCount "146"]
[EventDate "2023.08.??"]
[TimeControl "1/40+30:0"]

1. e4 {269} e5 {17} 2. Nf3 {10} Nc6 {4} 3. Bb5 {5} a6 {28} 4. Ba4 {9} Nf6 {11}
5. O-O {14} d6 {11} 6. Re1 {387} Bd7 {33} 7. c3 {137} g6 {41} 8. d4 {138} Bg7 {
45} 9. Nbd2 {439} O-O {351} 10. Nf1 {278} b5 {208} 11. Bc2 {299} exd4 {290} 12.
cxd4 {20} Bg4 {50} 13. Be3 {210} Nh5 {110} 14. Ng3 {717} Qf6 {74} 15. e5 {1107}
dxe5 {105} 16. Ne4 {5} Qd8 {542} 17. d5 {313} Nd4 {248} 18. Bxd4 {10} exd4 {14}
19. h3 {101} Bxf3 {153} 20. Qxf3 {41} Nf6 {247} 21. Bb3 {146} Nxe4 {254} 22.
Rxe4 {17} Qf6 {492} 23. Qe2 {156} Qd6 {361} 24. Rc1 {462} c5 {349} 25. dxc6 {42
} Rac8 {17} 26. Qf3 {322} Rxc6 {491} 27. Rce1 {393} Rc5 {422} 28. Re7 {147} Rf5
{123} 29. Qd3 {20} Qf4 {446} 30. R1e2 {2} Be5 {241} 31. g3 {66} Qc1+ {60} 32.
Kg2 {58} Qc5 {218} 33. Rd7 {42} Qc6+ {10} 34. Rd5 {1} Bf6 {187} 35. Qe4 {39}
Rxd5 {12} 36. Bxd5 {19} Qd6 {28} 37. Qf3 {56} Rd8 {81} 38. Bb3 {35} a5 {93} 39.
Qb7 {31} Qd7 {16} 40. Qxd7 {31} Rxd7 {6} 41. a4 {482} b4 {768} 42. Bc4 {71} d3
{131} 43. Rd2 {81} Bxb2 {193} 44. Rxd3 {6} Rxd3 {184} 45. Bxd3 {6} Kf8 {56} 46.
Kf3 {9} Ke7 {20} 47. Ke4 {70} Kd6 {81} 48. Bc4 {13} f5+ {84} 49. Kd3 {63} Ke5 {
38} 50. f4+ {830} Kf6 {24} 51. Ke3 {228} h6 {95} 52. g4 {112} fxg4 {69} 53.
hxg4 {2} h5 {41} 54. g5+ {193} Kg7 {26} 55. Kf3 {33} Bc1 {15} 56. Bd5 {30} Bd2
{38} 57. Kg3 {92} Be1+ {82} 58. Kf3 {27} Bd2 {16} 59. Kg3 {5} h4+ {14} 60. Kxh4
{42} Bxf4 {7} 61. Kg4 {8} Bd2 {13} 62. Bc4 {63} Kf8 {17} 63. Bd3 {34} Kf7 {8}
64. Bc2 {21} Bc1 {176} 65. Bd3 {28} Ke6 {81} 66. Bxg6 {18} b3 {72} 67. Kf3 {42}
Kd6 {123} 68. Ke4 {31} Kc5 {45} 69. Bf7 {44} Kb4 {41} 70. g6 {19} Bh6 {10} 71.
Kd3 {55} Kxa4 {33} 72. Kc3 {27} Bg7+ {29} 73. Kd2 {8} Kb4 {15} 0-1

[Event "Championnat de France Alpe d'Huez 2023 "]
[Site "ALPE D'HUEZ, France"]
[Date "2023.08.19"]
[Round "1.6"]
[White "AUBRY, Benjamin"]
[Black "OLLIER, Milan"]
[Result "1/2-1/2"]
[ECO "B32"]
[WhiteElo "2032"]
[BlackElo "2193"]
[PlyCount "65"]
[EventDate "2023.08.??"]
[TimeControl "1/40+30:0"]

1. e4 {234} c5 {7} 2. Nf3 {5} Nc6 {5} 3. d4 {4} cxd4 {7} 4. Nxd4 {4} e5 {7} 5.
Nb5 {17} d6 {4} 6. a4 {6} a6 {575} 7. N5a3 {28} Nf6 {14} 8. Nc3 {5} Be7 {26} 9.
Nc4 {438} Be6 {152} 10. Be3 {243} O-O {220} 11. Nb6 {444} Rb8 {31} 12. f3 {1476
} Nb4 {314} 13. Be2 {248} Qc7 {542} 14. Rc1 {252} Qc6 {28} 15. O-O {290} Rfd8 {
973} 16. Qe1 {323} d5 {570} 17. exd5 {74} Nfxd5 {18} 18. Ncxd5 {160} Nxd5 {9}
19. Nxd5 {9} Bxd5 {42} 20. c4 {151} Be6 {11} 21. b3 {72} f5 {703} 22. Qc3 {553}
Bf6 {22} 23. Qc2 {15} g6 {675} 24. c5 {222} f4 {42} 25. Bf2 {5} Bf5 {20} 26.
Qc4+ {10} Be6 {145} 27. Qc2 {11} Bf5 {40} 28. Qc4+ {8} Kg7 {208} 29. Rfd1 {368}
Be6 {362} 30. Qc2 {8} Bf5 {4} 31. Qc4 {65} Be6 {11} 32. Qc2 {6} Bf5 {3} 33. Qc4
{8} 1/2-1/2

[Event "Championnat de France Alpe d'Huez 2023 "]
[Site "ALPE D'HUEZ, France"]
[Date "2023.08.19"]
[Round "1.8"]
[White "KUFFERATH, Camille"]
[Black "VU DINH, Adrien"]
[Result "0-1"]
[ECO "C54"]
[WhiteElo "2029"]
[BlackElo "2189"]
[PlyCount "62"]
[EventDate "2023.08.??"]
[TimeControl "1/40+30:0"]

1. e4 {20} e5 {4} 2. Nf3 {67} Nc6 {6} 3. Bc4 {77} Nf6 {5} 4. d3 {89} Bc5 {6} 5.
c3 {43} a6 {14} 6. h3 {372} Ba7 {107} 7. Nbd2 {53} h6 {207} 8. a4 {453} d6 {543
} 9. Nf1 {327} d5 {100} 10. exd5 {186} Nxd5 {15} 11. Ng3 {141} O-O {107} 12.
O-O {117} Be6 {776} 13. Re1 {111} Re8 {1404} 14. Qc2 {617} Nb6 {547} 15. Bxe6 {
358} Rxe6 {2} 16. d4 {318} exd4 {304} 17. Rxe6 {261} fxe6 {33} 18. Bxh6 {277}
d3 {152} 19. Qd2 {147} gxh6 {429} 20. Qxh6 {67} Qf8 {32} 21. Qxe6+ {117} Qf7 {
42} 22. Qg4+ {18} Qg7 {133} 23. Ng5 {65} Qg6 {309} 24. h4 {509} Ne5 {134} 25.
Qf4 {72} Nbd7 {103} 26. h5 {449} Qf6 {38} 27. Qd2 {719} Nc4 {148} 28. Qxd3 {62}
Bxf2+ {47} 29. Kh1 {99} Qxg5 {28} 30. Qxc4+ {48} Kh8 {13} 31. Qxc7 {41} Qh4# {
16} 0-1

[Event "Championnat de France Alpe d'Huez 2023 "]
[Site "ALPE D'HUEZ, France"]
[Date "2023.08.20"]
[Round "2.6"]
[White "VU DINH, Adrien"]
[Black "ANTAO, Amory"]
[Result "1-0"]
[ECO "C42"]
[WhiteElo "2189"]
[BlackElo "2046"]
[PlyCount "153"]
[EventDate "2023.08.??"]
[TimeControl "1/40+30:0"]

1. e4 {0} e5 {13} 2. Nf3 {5} Nf6 {21} 3. Nxe5 {19} d6 {24} 4. Nf3 {6} Nxe4 {21}
5. d4 {6} d5 {38} 6. Bd3 {6} Nc6 {71} 7. O-O {38} Be7 {51} 8. c4 {309} Nb4 {106
} 9. cxd5 {601} f5 {248} 10. Nc3 {177} Nxd3 {375} 11. Qxd3 {12} O-O {42} 12.
Nxe4 {190} fxe4 {33} 13. Qxe4 {1} Bf5 {30} 14. Qe3 {87} Bd6 {298} 15. Qb3 {460}
Qe8 {291} 16. Re1 {1706} Qh5 {1149} 17. Ne5 {238} Rae8 {131} 18. Bf4 {154} Bc2
{472} 19. Qxc2 {425} Rxf4 {81} 20. Qd2 {389} Rxd4 {626} 21. Qxd4 {92} Bxe5 {99}
22. Qa4 {479} Qxh2+ {226} 23. Kf1 {0} c6 {172} 24. Qe4 {183} Re7 {528} 25. g3 {
249} Rf7 {301} 26. Qg2 {33} Qh5 {8} 27. dxc6 {69} bxc6 {80} 28. Qxc6 {147} Qf5
{251} 29. Qg2 {90} g6 {57} 30. Rad1 {68} Bxb2 {23} 31. Re2 {40} Bc3 {92} 32.
Kg1 {51} Kg7 {66} 33. Qe4 {45} Qh5 {126} 34. Qe3 {50} Bf6 {32} 35. Qd3 {35} Qh3
{62} 36. Qd5 {32} h5 {39} 37. Qg2 {13} Qg4 {18} 38. Red2 {41} Re7 {202} 39. Qc6
{33} h4 {31} 40. Qg2 {32} hxg3 {41} 41. Qxg3 {28} Qa4 {526} 42. Qh3 {345} a5 {
388} 43. Rd8 {0} Re1+ {221} 44. Rxe1 {226} Bxd8 {10} 45. Rb1 {485} Qe4 {278}
46. Qd7+ {123} Kh6 {61} 47. Rd1 {108} Be7 {308} 48. Qd4 {140} Qf5 {107} 49.
Qh8+ {40} Kg5 {8} 50. Qh2 {269} Kf6 {51} 51. Qh4+ {26} Kf7 {47} 52. Qg3 {40}
Bc5 {103} 53. Rd3 {53} Kg7 {50} 54. Rf3 {45} Qd5 {156} 55. Qc7+ {79} Kg8 {39}
56. Kg2 {38} Bd6 {76} 57. Qd8+ {6} Kh7 {14} 58. Qh4+ {28} Kg7 {53} 59. Qf6+ {8}
Kh6 {11} 60. Qh8+ {34} Kg5 {8} 61. a4 {84} Be5 {65} 62. Qh3 {81} Bf4 {26} 63.
Qc8 {31} Be5 {44} 64. Qe8 {33} Bf4 {31} 65. Qb5 {12} Qf5 {31} 66. Qxf5+ {13}
Kxf5 {19} 67. Rb3 {9} Bd2 {15} 68. Kf3 {45} Bb4 {28} 69. Re3 {5} g5 {14} 70.
Re8 {10} g4+ {39} 71. Ke3 {33} Bc5+ {11} 72. Ke2 {25} Kf4 {18} 73. Rc8 {29} Bd4
{35} 74. Ra8 {57} Bc3 {15} 75. Kd3 {43} Be1 {12} 76. Rf8+ {7} Ke5 {20} 77. Re8+
{11} 1-0

[Event "Championnat de France Alpe d'Huez 2023 "]
[Site "ALPE D'HUEZ, France"]
[Date "2023.08.20"]
[Round "2.7"]
[White "ZIENKIEWICZ, Jan"]
[Black "PRODHOMME, Boris"]
[Result "1-0"]
[ECO "B38"]
[WhiteElo "2177"]
[BlackElo "2043"]
[PlyCount "97"]
[EventDate "2023.08.??"]
[TimeControl "1/40+30:0"]

1. e4 {2} c5 {34} 2. Nf3 {11} g6 {8} 3. d4 {26} cxd4 {6} 4. Nxd4 {117} Bg7 {5}
5. c4 {5} Nc6 {12} 6. Be3 {12} Nf6 {20} 7. Nc3 {17} d6 {10} 8. Be2 {34} O-O {7}
9. O-O {40} Bd7 {8} 10. f3 {128} Nxd4 {370} 11. Bxd4 {16} a5 {56} 12. b3 {94}
Bc6 {57} 13. Qd2 {42} Nd7 {101} 14. Be3 {15} Be5 {315} 15. Rac1 {366} Nc5 {306}
16. Rfd1 {60} e6 {69} 17. Nb5 {1124} Qh4 {600} 18. g3 {344} Bxg3 {338} 19. hxg3
{154} Qxg3+ {5} 20. Kf1 {14} Nxe4 {138} 21. Qd3 {2374} Qh3+ {1298} 22. Ke1 {152
} Qh1+ {777} 23. Bf1 {26} Qh4+ {252} 24. Ke2 {25} Ng3+ {133} 25. Kd2 {51} Bxf3
{22} 26. Nc3 {403} Bxd1 {198} 27. Rxd1 {17} d5 {166} 28. cxd5 {149} exd5 {4}
29. Bd4 {228} Ne4+ {317} 30. Kc2 {34} Rac8 {125} 31. Kb1 {133} Rfd8 {217} 32.
Bg2 {44} Nxc3+ {112} 33. Bxc3 {0} Qf2 {100} 34. Bh3 {43} f5 {47} 35. Bxa5 {69}
b6 {69} 36. Bc3 {27} Qh4 {58} 37. Bxf5 {44} gxf5 {60} 38. Rg1+ {13} Kf7 {25}
39. Qxf5+ {33} Ke7 {17} 40. Rg7+ {107} Kd6 {10} 41. Be5+ {398} Kc5 {499} 42.
Qc2+ {127} Kb5 {835} 43. a4+ {648} Ka6 {346} 44. Qe2+ {154} Rc4 {9} 45. bxc4 {
47} Qxc4 {75} 46. Qxc4+ {69} dxc4 {1} 47. Rxh7 {138} Rg8 {262} 48. Kb2 {109}
Ka5 {50} 49. Ra7+ {10} 1-0

[Event "Championnat de France Alpe d'Huez 2023 "]
[Site "ALPE D'HUEZ, France"]
[Date "2023.08.20"]
[Round "2.8"]
[White "GRANDY, Aurelien"]
[Black "BOSC, Seraphina"]
[Result "1/2-1/2"]
[ECO "C07"]
[WhiteElo "2036"]
[BlackElo "2174"]
[PlyCount "107"]
[EventDate "2023.08.??"]
[TimeControl "1/40+30:0"]

1. e4 {5} e6 {13} 2. d4 {12} d5 {5} 3. Nd2 {60} c5 {10} 4. exd5 {50} Qxd5 {5}
5. Ngf3 {17} cxd4 {6} 6. Bc4 {108} Qd7 {7} 7. O-O {70} Nc6 {157} 8. Nb3 {84}
Nf6 {40} 9. Bf4 {277} Be7 {554} 10. Nbxd4 {604} Nxd4 {7} 11. Qxd4 {46} Qxd4 {29
} 12. Nxd4 {6} a6 {11} 13. Be2 {163} Nd5 {1178} 14. Bg3 {86} Bf6 {133} 15. Rad1
{208} b5 {286} 16. Bd6 {462} Be7 {1341} 17. Bxe7 {344} Kxe7 {7} 18. Bf3 {16}
Bb7 {21} 19. Nf5+ {24} exf5 {138} 20. Bxd5 {23} Bxd5 {5} 21. Rxd5 {7} Ke6 {132}
22. Rfd1 {45} Rhc8 {178} 23. f4 {179} Rc6 {630} 24. c3 {86} Kf6 {254} 25. Rd6+
{378} Rxd6 {6} 26. Rxd6+ {5} Ke7 {3} 27. Rd5 {19} g6 {107} 28. Kf2 {324} Ke6 {8
} 29. Rd4 {47} Rc8 {22} 30. Ke3 {17} f6 {162} 31. a4 {309} g5 {124} 32. g3 {69}
h5 {39} 33. axb5 {43} axb5 {4} 34. Kd3 {68} h4 {101} 35. c4 {167} bxc4+ {54}
36. Rxc4 {15} Rh8 {301} 37. Kd4 {424} Kd6 {25} 38. Rc5 {178} hxg3 {19} 39. hxg3
{7} gxf4 {60} 40. Rxf5 {93} fxg3 {17} 41. Rxf6+ {7} Kc7 {75} 42. Rg6 {7} g2 {
142} 43. Kc5 {57} Rh5+ {16} 44. Kb4 {7} Rh2 {18} 45. b3 {18} Kb7 {35} 46. Kb5 {
15} Rh5+ {38} 47. Ka4 {6} g1=Q {77} 48. Rxg1 {8} Rh6 {3} 49. Rg5 {25} Kb6 {27}
50. b4 {20} Rf6 {10} 51. Rb5+ {31} Ka6 {7} 52. Rb8 {39} Ka7 {17} 53. Re8 {41}
Kb6 {6} 54. Rb8+ {16} 1/2-1/2

[Event "Championnat de France Alpe d'Huez 2023 "]
[Site "ALPE D'HUEZ, France"]
[Date "2023.08.21"]
[Round "3.5"]
[White "ORIEUX, Eienne"]
[Black "VU DINH, Adrien"]
[Result "1-0"]
[ECO "B22"]
[WhiteElo "2084"]
[BlackElo "2189"]
[PlyCount "151"]
[EventDate "2023.08.??"]
[TimeControl "1/40+30:0"]

1. e4 {2} c5 {12} 2. c3 {15} Nf6 {4} 3. e5 {5} Nd5 {6} 4. Nf3 {8} e6 {19} 5. d4
{27} cxd4 {5} 6. cxd4 {5} b6 {9} 7. Bc4 {10} Bb4+ {171} 8. Nbd2 {196} Ba6 {56}
9. O-O {61} Bxd2 {553} 10. Nxd2 {53} O-O {50} 11. Bxa6 {399} Nxa6 {0} 12. Ne4 {
21} Nac7 {2} 13. Bg5 {1294} Qb8 {777} 14. Qg4 {288} Kh8 {117} 15. Qh4 {20} Kg8
{1271} 16. Rad1 {1542} Ne8 {188} 17. Rd3 {12} f5 {167} 18. exf6 {63} Ndxf6 {202
} 19. Nxf6+ {595} Nxf6 {23} 20. Rg3 {18} Ne8 {396} 21. Rh3 {174} Nf6 {878} 22.
Bxf6 {7} Rxf6 {5} 23. Qxh7+ {5} Kf7 {35} 24. d5 {165} Qe5 {270} 25. dxe6+ {39}
dxe6 {34} 26. Qc2 {313} Rd8 {78} 27. Rc3 {240} Rd7 {81} 28. Rd1 {26} Re7 {73}
29. h3 {93} Qf5 {211} 30. Qe2 {20} Kg6 {136} 31. Rf3 {38} Qh5 {49} 32. Rg3+ {
181} Kh6 {5} 33. Rd8 {125} g6 {56} 34. Rh8+ {280} Rh7 {5} 35. Rxh7+ {10} Kxh7 {
1} 36. Qxh5+ {52} gxh5 {0} 37. Rg5 {50} Kh6 {15} 38. Re5 {1} h4 {83} 39. Kf1 {
61} Rg6 {25} 40. a3 {69} Rf6 {75} 41. b4 {234} a6 {65} 42. Re4 {94} Kh5 {87}
43. Rd4 {26} e5 {72} 44. Rd5 {6} Re6 {37} 45. f4 {22} Kg6 {224} 46. Rxe5 {31}
Rc6 {9} 47. Kf2 {15} Kf6 {26} 48. Kf3 {21} Rc2 {116} 49. Re2 {395} Rc3+ {21}
50. Kg4 {24} Rxa3 {17} 51. Kxh4 {7} Rb3 {546} 52. Re4 {20} a5 {66} 53. bxa5 {12
} bxa5 {1} 54. Re5 {95} a4 {13} 55. Ra5 {11} a3 {15} 56. g4 {45} Rf3 {42} 57.
f5 {60} Kg7 {23} 58. g5 {38} a2 {14} 59. Ra7+ {177} Kf8 {11} 60. Rxa2 {11} Rxf5
{5} 61. Kh5 {36} Kg8 {26} 62. Kg6 {39} Rf8 {2} 63. h4 {17} Rb8 {5} 64. Ra6 {12}
Kh8 {53} 65. Rd6 {59} Kg8 {11} 66. h5 {17} Ra8 {7} 67. Kf6 {129} Rf8+ {214} 68.
Kg6 {41} Ra8 {7} 69. h6 {12} Rb8 {14} 70. Rd5 {50} Rb6+ {89} 71. Kh5 {7} Rb8 {
27} 72. g6 {13} Kh8 {90} 73. Kg5 {8} Kg8 {50} 74. h7+ {73} Kg7 {77} 75. Rd7+ {6
} Kh8 {7} 76. Kh6 {7} 1-0

[Event "Championnat de France Alpe d'Huez 2023 "]
[Site "ALPE D'HUEZ, France"]
[Date "2023.08.21"]
[Round "3.6"]
[White "RODRIGUEZ, Emmanuel"]
[Black "ZIENKIEWICZ, Jan"]
[Result "1-0"]
[ECO "D00"]
[WhiteElo "2076"]
[BlackElo "2177"]
[PlyCount "73"]
[EventDate "2023.08.??"]
[TimeControl "1/40+30:0"]

1. d4 {4} Nf6 {10} 2. Nc3 {7} d5 {11} 3. Bf4 {77} e6 {27} 4. Nb5 {35} Na6 {8}
5. e3 {6} c6 {37} 6. Nc3 {9} Nc7 {35} 7. Nf3 {44} b5 {709} 8. Ne5 {169} Bb7 {
183} 9. Qf3 {128} Bd6 {643} 10. Bd3 {649} Qe7 {0} 11. g4 {531} Nd7 {413} 12.
Nxd7 {393} Qxd7 {134} 13. Bxd6 {593} Qxd6 {10} 14. Qg3 {200} Qe7 {413} 15.
O-O-O {371} a6 {592} 16. Rhe1 {115} c5 {556} 17. dxc5 {768} Qxc5 {16} 18. Qe5 {
32} O-O {1208} 19. Bxh7+ {280} Kxh7 {64} 20. Ne4 {51} Qc6 {241} 21. Qh5+ {21}
Kg8 {0} 22. Ng5 {11} Rfc8 {77} 23. Qxf7+ {820} Kh8 {2} 24. Qh5+ {9} Kg8 {4} 25.
Qh7+ {16} Kf8 {2} 26. Qh8+ {8} Ke7 {4} 27. Qxg7+ {6} Ke8 {288} 28. Qf7+ {369}
Kd8 {2} 29. Qf6+ {118} Ke8 {34} 30. e4 {181} Qc4 {181} 31. b3 {296} Qc5 {15}
32. exd5 {150} Bxd5 {105} 33. Qf7+ {47} Kd8 {1} 34. Rxe6 {68} Qa3+ {93} 35. Kb1
{9} Qc5 {30} 36. Re8+ {37} Nxe8 {5} 37. Ne6# {5} 1-0

[Event "Championnat de France Alpe d'Huez 2023 "]
[Site "ALPE D'HUEZ, France"]
[Date "2023.08.21"]
[Round "3.7"]
[White "LE MONTAGNER, Yoann"]
[Black "LESUEUR, Gabriel"]
[Result "1/2-1/2"]
[ECO "C16"]
[WhiteElo "2064"]
[BlackElo "2168"]
[PlyCount "97"]
[EventDate "2023.08.??"]
[TimeControl "1/40+30:0"]

1. e4 {7} e6 {8} 2. d4 {11} d5 {5} 3. Nc3 {8} Bb4 {6} 4. e5 {19} Ne7 {7} 5. Bd2
{17} b6 {7} 6. a3 {322} Bxc3 {71} 7. Bxc3 {7} Ba6 {64} 8. Bxa6 {185} Nxa6 {7}
9. Qd3 {28} Nb8 {165} 10. b4 {936} c5 {298} 11. dxc5 {71} bxc5 {23} 12. f4 {507
} Nbc6 {747} 13. bxc5 {72} d4 {48} 14. Bd2 {45} Qd5 {983} 15. Nf3 {24} Rb8 {448
} 16. O-O {146} h6 {7} 17. c3 {522} dxc3 {359} 18. Qxc3 {19} Rb3 {0} 19. Qc2 {
42} Nd4 {537} 20. Qd1 {197} Nxf3+ {175} 21. Rxf3 {184} Rxf3 {180} 22. gxf3 {8}
Qd4+ {840} 23. Kg2 {11} Nf5 {350} 24. Kh3 {208} O-O {206} 25. Be1 {23} Qxf4 {38
} 26. Bg3 {19} Qg5 {28} 27. f4 {47} Qe7 {11} 28. Rc1 {65} Rd8 {49} 29. Qf3 {104
} Rc8 {240} 30. Bf2 {147} f6 {146} 31. exf6 {173} Qxf6 {1} 32. c6 {46} Ne7 {134
} 33. Qe4 {404} Nd5 {44} 34. f5 {146} Qg5 {173} 35. Qxe6+ {39} Kh7 {1} 36. Qg6+
{66} Qxg6 {4} 37. fxg6+ {3} Kxg6 {2} 38. Bxa7 {14} Kf5 {42} 39. Kg3 {179} Ke6 {
75} 40. Bd4 {132} Kd6 {68} 41. c7 {326} g6 {281} 42. a4 {576} Rxc7 {343} 43.
Rxc7 {12} Kxc7 {171} 44. Bg7 {356} Ne3 {54} 45. Kf4 {13} Nf1 {582} 46. h3 {15}
g5+ {284} 47. Kg4 {113} Ne3+ {43} 48. Kh5 {10} g4 {38} 49. hxg4 {61} 1/2-1/2

[Event "Championnat de France Alpe d'Huez 2023 "]
[Site "ALPE D'HUEZ, France"]
[Date "2023.08.21"]
[Round "3.8"]
[White "PILLARD, Valentin"]
[Black "NICOLAS, Guillaume"]
[Result "1/2-1/2"]
[ECO "C02"]
[WhiteElo "2140"]
[BlackElo "2061"]
[PlyCount "99"]
[EventDate "2023.08.??"]
[TimeControl "1/40+30:0"]

1. e4 {7} e6 {8} 2. d4 {4} d5 {6} 3. e5 {3} c5 {9} 4. c3 {4} Qb6 {10} 5. Nf3 {6
} Nc6 {6} 6. Bd3 {20} cxd4 {14} 7. O-O {20} Bd7 {14} 8. Re1 {16} Nge7 {32} 9.
h4 {44} h6 {17} 10. h5 {38} Rc8 {199} 11. Na3 {706} dxc3 {425} 12. bxc3 {39}
Na5 {712} 13. Rb1 {235} Qc7 {81} 14. Nb5 {1159} Bxb5 {162} 15. Bxb5+ {2} Nec6 {
81} 16. Bd3 {249} Bc5 {2120} 17. Qa4 {862} Kf8 {143} 18. Rb5 {278} b6 {91} 19.
Rb1 {44} Be7 {463} 20. Ba6 {280} Rd8 {85} 21. Bd3 {281} Rc8 {13} 22. Bf4 {188}
Nb7 {445} 23. Qd1 {669} Nc5 {43} 24. Bc2 {2} Na5 {140} 25. Nd4 {209} Nc4 {243}
26. Bc1 {40} a6 {207} 27. f4 {44} Ne4 {109} 28. Bxe4 {146} dxe4 {2} 29. Rxe4 {
34} Bc5 {31} 30. Qf1 {69} Bxd4+ {55} 31. Rxd4 {25} g6 {115} 32. Rb4 {140} b5 {4
} 33. a4 {29} Qc6 {38} 34. axb5 {47} axb5 {2} 35. hxg6 {24} fxg6 {3} 36. Qd3 {
11} Rg8 {106} 37. Rd7 {91} Ke8 {71} 38. Rh7 {56} Rd8 {48} 39. Qe2 {95} Qd5 {177
} 40. Kh2 {52} h5 {58} 41. Qa2 {1024} Nxe5 {491} 42. Qxd5 {323} Ng4+ {16} 43.
Kg3 {249} Rxd5 {7} 44. Re4 {18} e5 {296} 45. fxe5 {155} Rxe5 {159} 46. Rxe5+ {
50} Nxe5 {6} 47. Rb7 {23} Nc6 {260} 48. Rxb5 {28} Rf8 {62} 49. Bg5 {169} Kd7 {
73} 50. Rb7+ {110} 1/2-1/2

[Event "Championnat de France Alpe d'Huez 2023 "]
[Site "ALPE D'HUEZ, France"]
[Date "2023.08.22"]
[Round "4.5"]
[White "GELY, Yann"]
[Black "RODRIGUEZ, Emmanuel"]
[Result "1-0"]
[ECO "C00"]
[WhiteElo "2117"]
[BlackElo "2076"]
[PlyCount "81"]
[EventDate "2023.08.??"]
[TimeControl "1/40+30:0"]

1. e4 {3} e6 {9} 2. b3 {167} d5 {89} 3. Bb2 {9} Nc6 {311} 4. e5 {427} d4 {38}
5. Nf3 {58} Qd5 {86} 6. Qe2 {810} b6 {174} 7. Qc4 {480} Qxc4 {741} 8. Bxc4 {80}
Bb7 {11} 9. O-O {407} O-O-O {29} 10. a3 {80} h6 {1039} 11. b4 {539} a6 {37} 12.
d3 {607} Nge7 {417} 13. Nbd2 {260} g5 {16} 14. h3 {50} g4 {225} 15. hxg4 {26}
Rg8 {15} 16. Rfe1 {491} Rxg4 {91} 17. Ne4 {378} Nf5 {325} 18. Nf6 {204} Rg6 {91
} 19. Nh5 {113} Nce7 {465} 20. Kf1 {130} b5 {327} 21. Bb3 {6} Bg7 {638} 22. Re2
{33} Rg8 {60} 23. Ne1 {41} Nc6 {146} 24. Nf4 {61} Rg4 {18} 25. Nxe6 {35} Bxe5 {
51} 26. Nc5 {92} Ba8 {409} 27. Bxf7 {242} Rf8 {35} 28. Be6+ {9} Kd8 {1} 29. Nf3
{25} Bd6 {25} 30. Bd5 {131} Bxc5 {27} 31. bxc5 {0} Nh4 {140} 32. Nxh4 {114}
Rxh4 {2} 33. g3 {9} Rh5 {10} 34. Bg2 {43} Rxc5 {12} 35. Rae1 {183} Bb7 {84} 36.
Bc1 {34} Rf6 {186} 37. Re8+ {38} Kd7 {2} 38. Bh3+ {25} Kd6 {6} 39. Bf4+ {53}
Rxf4 {30} 40. R1e6+ {35} Kd7 {37} 41. R6e7+ {12} 1-0

[Event "Championnat de France Alpe d'Huez 2023 "]
[Site "ALPE D'HUEZ, France"]
[Date "2023.08.22"]
[Round "4.6"]
[White "OUNGRE, Laurent"]
[Black "ORIEUX, Eienne"]
[Result "1-0"]
[ECO "A17"]
[WhiteElo "1978"]
[BlackElo "2084"]
[PlyCount "49"]
[EventDate "2023.08.??"]
[TimeControl "1/40+30:0"]

1. Nf3 {13} e6 {10} 2. c4 {45} Nf6 {8} 3. Nc3 {11} Bb4 {19} 4. g4 {56} O-O {81}
5. g5 {59} Ne8 {12} 6. h4 {191} d5 {75} 7. a3 {177} Be7 {232} 8. d4 {85} dxc4 {
456} 9. Bg2 {406} Nc6 {298} 10. Bf4 {485} Rb8 {105} 11. h5 {285} Nd6 {1049} 12.
Qd2 {484} Nf5 {207} 13. Rd1 {158} Bd6 {59} 14. Ne4 {280} Bxf4 {306} 15. Qxf4 {6
} b5 {26} 16. h6 {175} g6 {19} 17. Ne5 {1008} Nce7 {0} 18. Ng4 {169} Bb7 {379}
19. Qe5 {366} Bxe4 {323} 20. Nf6+ {5} Kh8 {4} 21. Nxe4+ {4} f6 {79} 22. Nxf6 {
178} Qd6 {39} 23. Nd7+ {45} Kg8 {73} 24. Nxb8 {26} Rxb8 {11} 25. e4 {40} 1-0

[Event "Championnat de France Alpe d'Huez 2023 "]
[Site "ALPE D'HUEZ, France"]
[Date "2023.08.22"]
[Round "4.7"]
[White "HALEGUA, Dani"]
[Black "WARNIER, Yanis"]
[Result "1/2-1/2"]
[ECO "D02"]
[WhiteElo "2104"]
[BlackElo "2178"]
[PlyCount "80"]
[EventDate "2023.08.??"]
[TimeControl "1/40+30:0"]

1. d4 {161} d5 {22} 2. Nf3 {23} Nf6 {7} 3. c3 {28} e6 {63} 4. Bf4 {41} c5 {115}
5. e3 {6} Nc6 {67} 6. Nbd2 {14} Be7 {47} 7. Bd3 {395} Nh5 {513} 8. Be5 {27}
Nxe5 {165} 9. dxe5 {579} g6 {377} 10. O-O {395} O-O {150} 11. a4 {680} Qc7 {
1245} 12. Qb1 {794} f6 {249} 13. exf6 {566} Bxf6 {125} 14. e4 {298} Nf4 {113}
15. Re1 {176} Bd7 {985} 16. Bf1 {188} g5 {661} 17. e5 {357} Bd8 {92} 18. h3 {
156} Be8 {16} 19. Nh2 {214} Bg6 {40} 20. Qd1 {37} Qf7 {60} 21. Ng4 {38} Kg7 {32
} 22. g3 {101} h5 {295} 23. Nf6 {82} Nd3 {5} 24. Bxd3 {14} Bxd3 {2} 25. Nf3 {
335} Bxf6 {79} 26. exf6+ {15} Qxf6 {2} 27. Qxd3 {18} Qxf3 {30} 28. Qxf3 {14}
Rxf3 {2} 29. Rxe6 {11} Raf8 {44} 30. Re7+ {203} Kg6 {317} 31. Rae1 {149} Rxf2 {
31} 32. R1e6+ {113} R2f6 {55} 33. Rxf6+ {16} Rxf6 {9} 34. Rxb7 {8} Rb6 {270}
35. Rxa7 {175} Rxb2 {4} 36. Ra5 {35} Kf5 {112} 37. Rxc5 {16} Ke4 {32} 38. a5 {
36} Kf3 {110} 39. Rxd5 {30} Rb1+ {12} 40. Kh2 {5} Rb2+ {5} 1/2-1/2

[Event "Championnat de France Alpe d'Huez 2023 "]
[Site "ALPE D'HUEZ, France"]
[Date "2023.08.22"]
[Round "4.8"]
[White "ARNAUD, Aurelien"]
[Black "BOSC (OpA), Seraphina"]
[Result "1/2-1/2"]
[ECO "E04"]
[WhiteElo "2094"]
[BlackElo "2174"]
[PlyCount "71"]
[EventDate "2023.08.??"]
[TimeControl "1/40+30:0"]

1. d4 {3} Nf6 {27} 2. c4 {10} e6 {5} 3. g3 {10} d5 {13} 4. Nf3 {26} dxc4 {30}
5. Bg2 {11} a6 {29} 6. O-O {25} Nc6 {523} 7. e3 {184} Rb8 {38} 8. Nfd2 {23} Nd5
{368} 9. Nxc4 {321} b5 {30} 10. Ncd2 {313} Bb7 {276} 11. e4 {316} Nf6 {11} 12.
Nb3 {53} Be7 {459} 13. Be3 {339} O-O {91} 14. Qe2 {430} a5 {539} 15. Rd1 {327}
a4 {594} 16. Nc5 {201} Bxc5 {42} 17. dxc5 {6} Qe7 {21} 18. Qxb5 {200} Ng4 {337}
19. Qe2 {264} Nxe3 {8} 20. Qxe3 {42} e5 {409} 21. Nc3 {724} Nd4 {91} 22. Rac1 {
23} Qxc5 {253} 23. Ne2 {457} Nxe2+ {92} 24. Qxe2 {5} Qb6 {30} 25. Qc4 {196} Bc8
{573} 26. Qxa4 {387} Qxb2 {183} 27. Rxc7 {190} Be6 {75} 28. Rc2 {315} Qb6 {132}
29. Rc6 {193} Qb7 {29} 30. Ra6 {119} Rfd8 {142} 31. Rxd8+ {131} Rxd8 {5} 32.
Rd6 {90} Rc8 {115} 33. Qd1 {47} h6 {69} 34. Rd8+ {150} Rxd8 {6} 35. Qxd8+ {7}
Kh7 {5} 36. Qd1 {113} 1/2-1/2